Map: Orbital Shipyard

Players

ILLBdA

  • Race: Zerg Zerg
  • League: Diamond

KingPENGUIN - Winner!

  • Race: Zerg Zerg
  • League: Diamond

VOD

Have the link to the VOD?

Description

Time

  • Played on: Dec. 17, 2015, 10:29 a.m.
  • Length: 8:26
Show
View Real Time Build Order
Export as new Build Order

ILLBdA Zerg 

Build Orders: Pool First 

Get SALT Encoding   

  12  0:01  Drone  
  13  0:08  Drone  
  14  0:27  Spawning Pool  
  13  0:29  Drone  
  14  0:40  Extractor  
  14  0:41  Drone x2, Extractor  
  14  0:46  Overlord  
  16  0:54  Extractor  
  15  1:14  Zergling x6  
  15  1:15  Queen  
  20  1:33  Zergling x2  
  21  1:42  Hatchery  
  21  1:46  Zergling x2  
  21  1:55  Metabolic Boost  
  21  1:59  Zergling x2  
  21  2:22  Zergling x6  
  22  2:29  Overlord  
  22  2:56  Zergling x14  
  28  3:26  Zergling x8  
  31  3:33  Zergling x2  
  31  3:34  Zergling x8  
  33  3:58  Zergling x2  
  33  3:59  Zergling x4  
  33  4:01  Zergling x2  
  36  4:04  Zergling x2  
  36  4:05  Zergling x2  
  36  4:07  Overlord x2  
  35  4:26  Zergling x8  
  34  4:36  Zergling x4  
  35  4:42  Zergling x8  
  39  4:58  Zergling x6  
  39  5:05  Zergling x4  
  34  5:15  Overlord  
  34  5:17  Zergling x2  
  31  5:26  Zergling x8  
  31  5:30  Zergling x2  
  27  5:45  Zergling x4  
  29  5:53  Zergling x2  
  29  5:54  Zergling x6  
  33  5:58  Zergling x2  
  33  5:59  Zergling x2  
  33  6:03  Zergling x2  
  36  6:08  Zergling x2  
  37  6:13  Zergling x2  
  37  6:17  Queen  
  40  6:20  Zergling x2  
  40  6:22  Zergling x2  
  40  6:25  Zergling x4  
  41  6:46  Zergling x2  
  32  6:50  Zergling x2  
  32  6:51  Zergling x8  
  34  7:01  Zergling x2  
  34  7:02  Zergling x6  
  38  7:12  Zergling x2  
  38  7:13  Zergling x2  
  40  7:23  Zergling x2  
  40  7:24  Zergling x2  
  42  7:30  Zergling x2  
  42  7:31  Zergling x2  
  42  7:32  Zergling x2  
  42  7:36  Zergling x4  
  47  7:37  Zergling x2  
  47  7:41  Zergling x2  
  49  7:45  Zergling x2  
  49  7:51  Zergling x2  
  51  7:52  Zergling x2  
  52  8:03  Zergling x6  
Show
View Real Time Build Order
Export as new Build Order

KingPENGUIN Zerg - Winner!

Build Orders: Pool First, Zergling Baneling 

Get SALT Encoding   

  12  0:01  Drone  
  13  0:13  Overlord  
  13  0:17  Drone  
  14  0:31  Drone x2  
  14  0:35  Drone  
  17  0:46  Drone  
  17  0:47  Extractor  
  17  0:50  Spawning Pool  
  17  0:56  Drone  
  17  1:07  Drone  
  18  1:21  Drone  
  18  1:22  Hatchery  
  18  1:28  Drone  
  19  1:37  Queen  
  21  1:48  Overlord  
  21  1:52  Metabolic Boost  
  21  1:54  Zergling x2  
  22  2:06  Zergling x2  
  23  2:11  Zergling x2  
  22  2:23  Baneling Nest, Zergling x2  
  22  2:33  Zergling x2  
  22  2:34  Drone, Queen  
  26  2:44  Zergling x2  
  26  2:45  Zergling x2  
  26  2:50  Zergling x2  
  29  2:58  Overlord  
  29  3:04  Drone x2  
  31  3:07  Baneling x2  
  31  3:08  Baneling  
  31  3:09  Zergling x4  
  33  3:19  Zergling x2  
  34  3:23  Zergling x2  
  34  3:24  Zergling x2  
  34  3:25  Zergling x2  
  34  3:26  Zergling x2  
  38  3:27  Zergling x2  
  38  3:36  Zergling x2  
  38  3:38  Zergling x2  
  40  3:45  Roach Warren, Baneling x2  
  39  3:51  Zergling x2  
  38  3:59  Baneling  
  38  4:00  Zergling x2  
  38  4:04  Zergling x2  
  38  4:06  Drone  
  38  4:08  Drone x2  
  41  4:13  Drone x2  
  41  4:16  Baneling x2  
  37  4:33  Roach  
  35  4:39  Zergling x6  
  35  4:40  Zergling x2  
  35  4:43  Drone x2, Extractor  
  35  4:44  Roach  
  35  4:45  Zergling x2  
  43  4:54  Zergling x2  
  43  4:56  Zergling x2  
  39  5:03  Zergling x2  
  39  5:05  Zergling x2  
  36  5:07  Zergling x2  
  36  5:10  Zergling x2  
  36  5:14  Zergling x2  
  35  5:15  Zergling x2  
  35  5:16  Zergling x2  
  35  5:20  Zergling x2  
  34  5:25  Zergling x2  
  34  5:26  Drone x2  
  29  5:34  Baneling x2  
  27  5:37  Drone  
  27  5:42  Drone  
  29  5:51  Queen  
  29  5:56  Drone  
  32  5:58  Drone  
  32  6:01  Drone  
  32  6:04  Baneling  
  34  6:13  Spine Crawler  
  34  6:14  Baneling  
  34  6:15  Baneling  
  33  6:21  Spine Crawler  
  33  6:22  Baneling  
  32  6:26  Drone  
  32  6:27  Baneling  
  32  6:40  Zergling x4  
  31  6:49  Zergling x2  
  31  6:50  Zergling x2  
  31  6:51  Zergling x8  
  36  6:54  Drone  
  36  6:56  Zergling x2  
  36  6:59  Baneling x3  
  36  7:01  Baneling  
  38  7:04  Drone  
  38  7:06  Drone  
  40  7:08  Zergling x2  
  40  7:10  Baneling  
  41  7:16  Drone x2  
  41  7:20  Overlord  
  43  7:29  Baneling x3  
  43  7:31  Overlord  
  43  7:36  Baneling  
  43  7:43  Drone x4  
  43  7:44  Drone x2  
  48  7:48  Zergling x2  
  48  7:49  Baneling  
  48  7:51  Zergling x2  
  51  7:52  Baneling  
  51  7:54  Zergling x2  
  51  7:56  Zergling x2  
  53  7:59  Zergling x2  
  53  8:01  Zergling x2  
  55  8:10  Drone x2  
  55  8:11  Baneling x2  
  55  8:12  Drone x2  
Tags
 
Add a new tag
Caveats
  • Supply blocks, unpowered buildings, or Contaminate may cause inaccurate times.
  • Supply counts are checked every 10 seconds.